 Dungeon Crawl Stone Soup version 0.22.1-1-ga44c0e5 (webtiles) character file.

218 rabbit the Magician (level 5, -5/38 HPs)
             Began as a Gnoll Wizard on Oct 11, 2018.
             Killed by divine providence
             ... invoked by an orc priest
              (16 damage)
             ... on level 4 of the Dungeon.
             The game lasted 00:22:44 (4816 turns).

rabbit the Magician (Gnoll Wizard)                  Turns: 4816, Time: 00:22:45

Health: -5/38      AC:  2    Str:  9    XL:     5   Next: 95%
Magic:  13/14      EV: 14    Int: 21    God:
Gold:   292        SH:  0    Dex: 14    Spells: 9/18 levels left

rFire    . . .     SeeInvis .   a - +0 hunting sling
rCold    . . .     Gourm    .   (no shield)
rNeg     . . .     Faith    .   s - +0 robe
rPois    .         Spirit   .   D - +0 hat
rElec    .         Reflect  .   (no cloak)
rCorr    .         Harm     .   (no gloves)
MR       .....                  (no boots)
Stlth    +++.......             (no amulet)
HPRegen  0.12/turn              (no ring)
MPRegen  0.14/turn              (no ring)

@: no status effects
A: distributed training, fangs 1, strong nose
a: no special abilities


You were on level 4 of the Dungeon.
You were not hungry.

You visited 1 branch of the dungeon, and saw 5 of its levels.

You collected 292 gold pieces.

Inventory:

Hand Weapons
 a - a +0 hunting sling (weapon)
 b - a +0 short sword
 e - a +0 rapier
 t - a +3 whip
Missiles
 f - 26 poisoned needles
 j - 96 sling bullets (quivered)
 n - 164 stones
 r - 36 arrows
Armour
 s - a +0 robe (worn)
 D - a +0 hat (worn)
 E - a +1 pair of gloves of archery
Jewellery
 o - an uncursed amulet of the gourmand {unknown}
 x - an uncursed ring of resist corrosion {unknown}
 B - a cursed amulet of inaccuracy {unknown}
Wands
 w - a wand of random effects (27)
Scrolls
 h - 4 scrolls of remove curse {unknown}
 i - 2 scrolls of amnesia {unknown}
 k - 4 scrolls of identify {unknown}
 m - a scroll of enchant armour {unknown}
 p - a scroll of teleportation {unknown}
 y - a scroll of random uselessness {unknown}
 C - a scroll of immolation {unknown}
Potions
 c - a potion of heal wounds {unknown}
 g - 2 potions of flight {unknown}
 l - 2 potions of cancellation {unknown}
 q - a potion of agility {unknown}
 u - a potion of curing {unknown}
 v - a potion of haste {unknown}
 z - a potion of brilliance {unknown}
 A - 2 potions of lignification {unknown}
Comestibles
 d - 8 rations


   Skills:
 + Level 1.6 Fighting
 + Level 1.6 Short Blades
 + Level 1.6 Long Blades
 + Level 1.6 Axes
 + Level 1.6 Maces & Flails
 + Level 1.6 Polearms
 + Level 1.6 Staves
 + Level 1.6 Slings
 + Level 1.6 Bows
 + Level 1.6 Crossbows
 + Level 1.6 Throwing
 + Level 1.6 Armour
 + Level 4.8 Dodging
 + Level 4.5 Stealth
 + Level 1.6 Shields
 + Level 1.6 Unarmed Combat
 + Level 7.3 Spellcasting
 + Level 2.5 Conjurations
 + Level 1.3 Hexes
 + Level 1.3 Charms
 + Level 2.5 Summonings
 + Level 1.3 Necromancy
 + Level 2.5 Translocations
 + Level 1.3 Transmutations
 + Level 1.3 Fire Magic
 + Level 1.3 Ice Magic
 + Level 1.3 Air Magic
 + Level 1.3 Earth Magic
 + Level 1.3 Poison Magic
 + Level 1.9 Invocations
 + Level 1.6 Evocations


You had 9 spell levels left.
You knew the following spells:

 Your Spells              Type           Power        Failure   Level  Hunger
a - Magic Dart            Conj           ###.         3%          1    None
b - Call Imp              Summ           ###.....     4%          2    None
c - Conjure Flame         Conj/Fire      ###.....     12%         3    None
d - Mephitic Cloud        Conj/Pois/Air  ##......     13%         3    None

Your spell library contained the following spells:

 Spells                   Type           Power        Failure   Level  Hunger
 Blink                    Tloc           N/A          4%          2    None
 Slow                     Hex            ##......     8%          2    None


Dungeon Overview and Level Annotations

Branches:
Dungeon (5/15)
 Temple: D:4-7

Altars:

Shops:
D:4 [

Annotations:
D:4 Dowan, Duvessa, Sigmund


Innate Abilities, Weirdness & Mutations

Your experience applies equally to all skills.
You have very sharp teeth.
Your uncanny sense of smell can sniff out nearby items.


Message History

Casting: Magic Dart (safe; 3% risk of failure)
Confirm with . or Enter, or press ? or * to list all spells.
Aiming: Magic Dart (safe; 3% risk of failure)
Press: ? - help, Shift-Dir - straight line, f/p - orc
Aim: an orc, wielding a club (heavily wounded)
The magic dart hits the orc.
You kill the orc!
d - 8 rations (gained 1)
An orc and 2 orc priests come into view.
The orc priest shouts!
The orc priest calls down the wrath of Beogh upon you.
Beogh smites you!
The orc moves out of view.
You hear a shout!
The orc priest shouts!
The orc priest mumbles some strange prayers to Beogh against you.
Beogh smites you!
* * * LOW HITPOINT WARNING * * *
The orc priest calls down the wrath of Beogh upon you.
Beogh smites you!
You die...

#.#. #.# # #.#.#
#.######## #.#..#
##......##
##=###.###.#####.##
##...###.#.## #.##
###o#.#.###.#######.##
#.o..............##.##
....#.#.#.###.####.##.##
.# ##)@.## #.# #.##
##.## #.# #.## #.# #.# ∆
#... #.#####.# ####
#.......# #### #########
.... ####


You could see 2 orc priests.

Vanquished Creatures
  A howler monkey (D:2)
  A hound (D:4)
  An orc wizard (D:3)
  A worker ant (D:4)
  3 adders
  An ooze (D:2)
  2 worms
  A dart slug (D:4)
  3 orcs
  2 giant cockroaches
  7 goblins
  8 hobgoblins
  A quokka (D:3)
  A ball python (D:3)
  11 bats
  5 frilled lizards
  9 kobolds
  6 rats
64 creatures vanquished.

Vanquished Creatures (collateral kills)
  An orc (D:3)
  A goblin (D:3)
  A kobold (D:2)
3 creatures vanquished.

Grand Total: 67 creatures vanquished

Notes
Turn   | Place    | Note
-------+----------+-------------------------------------------
     0 | D:1      | rabbit the Gnoll Wizard began the quest for the Orb.
     0 | D:1      | Reached XP level 1. HP: 13/13 MP: 8/8
   326 | D:1      | Reached XP level 2. HP: 19/19 MP: 6/10
   394 | D:1      | Learned a level 2 spell: Call Imp
  1123 | D:2      | Reached XP level 3. HP: 25/25 MP: 7/11
  1128 | D:2      | Learned a level 3 spell: Conjure Flame
  1132 | D:2      | Learned a level 3 spell: Mephitic Cloud
  1423 | D:2      | Reached skill level 1 in Invocations
  1593 | D:2      | Reached skill level 1 in Fighting
  1593 | D:2      | Reached skill level 1 in Short Blades
  1593 | D:2      | Reached skill level 1 in Long Blades
  1593 | D:2      | Reached skill level 1 in Axes
  1593 | D:2      | Reached skill level 1 in Maces & Flails
  1593 | D:2      | Reached skill level 1 in Polearms
  1593 | D:2      | Reached skill level 1 in Staves
  1593 | D:2      | Reached skill level 1 in Slings
  1593 | D:2      | Reached skill level 1 in Bows
  1593 | D:2      | Reached skill level 1 in Crossbows
  1593 | D:2      | Reached skill level 1 in Throwing
  1593 | D:2      | Reached skill level 1 in Armour
  1593 | D:2      | Reached skill level 1 in Shields
  1593 | D:2      | Reached skill level 1 in Unarmed Combat
  1593 | D:2      | Reached skill level 1 in Evocations
  1593 | D:2      | Reached XP level 4. HP: 17/32 MP: 9/13
  1984 | D:2      | Reached skill level 1 in Hexes
  1984 | D:2      | Reached skill level 1 in Charms
  1984 | D:2      | Reached skill level 1 in Necromancy
  1984 | D:2      | Reached skill level 1 in Transmutations
  1984 | D:2      | Reached skill level 1 in Fire Magic
  1984 | D:2      | Reached skill level 1 in Ice Magic
  1984 | D:2      | Reached skill level 1 in Air Magic
  1984 | D:2      | Reached skill level 1 in Earth Magic
  1984 | D:2      | Reached skill level 1 in Poison Magic
  2811 | D:3      | Reached XP level 5. HP: 31/37 MP: 6/14
  3478 | D:4      | Noticed Sigmund
  3609 | D:4      | Noticed Duvessa
  3609 | D:4      | Noticed Dowan
  3939 | D:4      | Found Puhevvas's Antique Armour Shoppe.
  4164 | D:5      | Entered Level 5 of the Dungeon
  4164 | D:5      | Noticed a sky beast
  4816 | D:4      | Killed from afar by an orc priest

Skill      XL: |  1  2  3  4 |
---------------+-------------+-----
Conjurations   | 2 |  2.5
Summonings     | 2 |  2.5
Translocations | 2 |  2.5
Invocations    | 1 |  1.9
Fighting       | 1 |  1.6
Short Blades   | 1 |  1.6
Long Blades    | 1 |  1.6
Axes           | 1 |  1.6
Maces & Flails | 1 |  1.6
Polearms       | 1 |  1.6
Staves         | 1 |  1.6
Slings         | 1 |  1.6
Bows           | 1 |  1.6
Crossbows      | 1 |  1.6
Throwing       | 1 |  1.6
Armour         | 1 |  1.6
Shields        | 1 |  1.6
Unarmed Combat | 1 |  1.6
Evocations     | 1 |  1.6
Hexes          | 1 |  1.3
Charms         | 1 |  1.3
Necromancy     | 1 |  1.3
Transmutations | 1 |  1.3
Fire Magic     | 1 |  1.3
Ice Magic      | 1 |  1.3
Air Magic      | 1 |  1.3
Earth Magic    | 1 |  1.3
Poison Magic   | 1 |  1.3
Dodging        | |  4.8
Stealth        | |  4.5
Spellcasting   | |  7.3

Action                   |  1- 3 |  4- 6 || total
-------------------------+-------+-------++-------
Melee: Short sword       |     6 |     8 ||    14
       Bite              |       |     2 ||     2
       Punch             |       |     1 ||     1
       Rapier            |       |     7 ||     7
 Cast: Magic Dart        |    51 |    82 ||   133
       Call Imp          |     5 |     2 ||     7
       Mephitic Cloud    |       |     1 ||     1
 Stab: Sleeping          |     6 |     7 ||    13
  Eat: Chunk             |     2 |     3 ||     5
       Ration            |       |     2 ||     2
Armor: Robe              |     8 |     3 ||    11
Dodge: Dodged            |    32 |    22 ||    54
